 Dungeon Crawl Stone Soup version 0.31-a0-986-g5e6e4ef867 (webtiles) character file.

Game seed: 14097559430225746770

4937 Hooloovoo the Jinx (level 10, -4/63 (73) HPs)
             Began as a Vampire Enchanter on Nov 4, 2023.
             Was an Initiate of Ashenzari.
             Slain by a spectral orc warlord
             ... wielding a +0 long sword
             ... summoned by Nergalle
              (10 damage)
             ... on level 1 of the Lair of Beasts on Nov 5, 2023.
             The game lasted 01:55:34 (7483 turns).

Hooloovoo the Jinx (Vampire Enchanter)              Turns: 7483, Time: 01:55:35

HP:   -4/63 (73)    AC: 15    Str:  7    XL:     10   Next: 28%
MP:   18/18         EV: 15    Int: 18    God:    Ashenzari [......]
Gold: 515           SH:  0    Dex: 19    Spells: 17/20 levels left

rFire   . . .        e - +2 dagger (protect)
rCold   . . .        (no shield)
rNeg    + . .        O - +1 steam dragon scales
rPois   .            G - +0 helmet "Doubts of Ashenzari" {Self, Alch} (curse)
rElec   .            (no cloak)
rCorr   .            d - +0 pair of gloves
SInv    +            (no boots)
Will    ++...        P - amulet of faith
Stlth   ++++         J - ring of willpower
HPRegen 0.50/turn    N - ring of positive energy
MPRegen 0.16/turn

%: faith
@: under a protective aura, healing quickly, heavily drained
A: alive, fangs 3, see invisible, vampiric 2
a: Exsanguinate, Renounce Religion, Shatter the Chains


You were on level 1 of the Lair of Beasts.
You worshipped Ashenzari.
Ashenzari was noncommittal.
You visited 3 branches of the dungeon, and saw 10 of its levels.

You collected 515 gold pieces.

Inventory:

Hand Weapons
 a - a +1 dagger
 e - a +2 dagger of protection (weapon)
 j - a +2 lajatang of speed
 n - a +0 scythe
 o - a +1 short sword of venom
 s - a +0 hand axe of electrocution
 x - a +0 rapier of venom
 C - a +0 trident of flaming
 F - a +7 dagger of venom
 L - a +2 falchion of freezing
 M - a +4 halberd
 S - a +4 dagger of speed
Missiles
 p - 3 boomerangs (quivered)
 r - 2 javelins
 u - 20 poisoned darts
Armour
 b - a +0 helmet
 d - a +0 pair of gloves (worn)
 h - a +0 scale mail
 l - a +2 robe of positive energy
 q - a +0 robe
 E - a +1 chain mail of cold resistance
 G - the cursed +0 helmet "Doubts of Ashenzari" (worn) {Self, Alch}
   (You found it on level 6 of the Dungeon)

   It has a curse which improves the following skills: Introspection: Fighting
   and Spellcasting.
   Alchemy:   Poison Magic and Transmutations.
 O - +1 steam dragon scales (worn)
Jewellery
 J - a ring of willpower (left hand)
 N - a ring of positive energy (right hand)
 P - an amulet of faith (around neck)
Talismans
 Q - a serpent talisman
 T - a serpent talisman
Wands
 y - a wand of paralysis (8)
Scrolls
 g - 2 scrolls of revelation
 i - 5 scrolls of identify
 t - 2 scrolls of torment
 v - a scroll of teleportation
 w - a scroll of noise
 A - a scroll of blinking
 B - a scroll of immolation
 D - a scroll of enchant weapon
 I - a scroll of amnesia
 K - a scroll of silence
 R - a scroll of brand weapon
Potions
 c - 3 potions of invisibility
 f - 2 potions of mutation
 k - 3 potions of curing
 m - a potion of degeneration
 z - a potion of might
 H - a potion of haste


   Skills:
 + Level 4.5(4.9) Fighting
 + Level 2.8 Short Blades
 + Level 8.2 Staves
 + Level 1.4 Throwing
 + Level 1.6 Armour
 + Level 5.7 Dodging
 + Level 6.5 Stealth
 + Level 5.2(5.6) Spellcasting
 + Level 9.0 Hexes


You had 17 spell levels left.
You knew the following spells:

 Your Spells              Type           Power      Damage    Failure   Level
a - Tukima's Dance        Hex            37%        N/A       1%          3

Your spell library contained the following spells:

 Spells                   Type           Power      Damage    Failure   Level
 Confusing Touch          Hex            37%        N/A       1%          3
 Ensorcelled Hibernation  Hex/Ice        42%        N/A       3%          2
 Dazzling Flash           Conj/Hex       42%        N/A       6%          3
 Freeze                   Ice            20%        1d4       13%         1
 Kiss of Death            Conj/Necr      20%        2d7       13%         1
 Blink                    Tloc           10%        N/A       19%         2
 Lesser Beckoning         Tloc           10%        N/A       19%         2
 Momentum Strike          Conj/Tloc      10%        3d8       19%         2
 Scorch                   Fire           10%        2d5       19%         2
 Static Discharge         Conj/Air       10%        3-4/arc   19%         2
 Dimensional Bullseye     Hex/Tloc       10%        N/A       19%         4
 Frozen Ramparts          Ice            10%        1d2       36%         3
 Hailstorm                Conj/Ice       5%         3d4       36%         3
 Ozocubu's Armour         Ice            5%         N/A       36%         3
 Stone Arrow              Conj/Erth      10%        3d7       36%         3
 Airstrike                Air            2%         2d(1-17)  77%         4
 Animate Armour           Summ/Erth      10%        N/A       77%         4
 Dispel Undead            Necr           5%         3d7       77%         4
 Flame Wave               Conj/Fire      5%         2d5       77%         4
 Iskenderun's Mystic Bla  Conj/Tloc      5%         2d3       77%         4
 Summon Lightning Spire   Summ/Air       5%         N/A       77%         4
 Summon Cactus Giant      Summ           2%         N/A       100%        6
 Ozocubu's Refrigeration  Ice            2%         4d8       100%        7
 Lehudib's Crystal Spear  Conj/Erth      2%         10d2      100%        8


Dungeon Overview and Level Annotations

Branches:
Dungeon (8/15)             Temple (1/1) D:7            Lair (1/5) D:8

Altars:
Ashenzari
Cheibriados
Dithmenos
Fedhas
Gozag
Hepliaklqana
Kikubaaqudgha
Makhleb
Nemelex Xobeh
Okawaru
Qazlal
Ru
Sif Muna
Trog
Uskayaw
Vehumet
Wu Jian
Xom
Yredelemnul

Shops:
D:5 *

Annotations:
Lair:1 Nergalle


Innate Abilities, Weirdness & Mutations

Your natural rate of healing is accelerated.
You have razor-sharp teeth.
You have supernaturally acute eyesight. (SInv)
You are afflicted with vampirism and can become a bat while bloodless.


Message History

The bullfrog hits you but does no damage.
The spectral orc warrior barely misses you.
The spectral orc warrior misses you.
The spectral orc warrior hits you with a +0 flail.
You hit Nergalle but do no damage.
Nergalle is heavily wounded.
The bullfrog closely misses you. Nergalle casts a spell at you.
Orcish apparitions take form around you.
The spectral orc warrior hits you but does no damage.
The spectral orc warrior barely misses you.
The spectral orc warrior closely misses you.
The bullfrog hits you but does no damage.
You hit Nergalle but do no damage.
Nergalle is heavily wounded.
Nergalle hits you with a +0 dagger.
The spectral orc warrior hits you with a +0 dire flail!
The bullfrog closely misses you.
The spectral orc warrior hits you but does no damage.
The spectral orc warrior closely misses you.
You barely miss Nergalle.
Nergalle is heavily wounded.
The spectral orc warrior hits you with a +0 battleaxe.
You partially resist.
You feel drained. The bullfrog misses you.
Nergalle hits you but does no damage.
The spectral orc warrior barely misses you.
You hit Nergalle but do no damage.
Nergalle is heavily wounded.
The spectral orc warrior hits you but does no damage.
The spectral orc warrior closely misses you.
The bullfrog barely misses you.
The spectral orc warrior hits you with a +0 battleaxe!
* * * LOW HITPOINT WARNING * * *
You partially resist.
You feel drained.
* * * LOW HITPOINT WARNING * * *
The spectral orc warlord hits you with a +3 great sword!
* * * LOW HITPOINT WARNING * * *
You partially resist.
You feel drained.
The spectral orc warlord hits you with a +0 long sword!
You die...

... ##.. #...
..### ##..P#
##....#
##.ZZZ.# ..#
#.ZF@Z.## ..#
#..o#Z..##
...#
#.?..Z##...##
...# #....##
##...###...#
....#
##†......#
...#
#..#.....#
..#
####....P# ##
##.....##
##....###


You could see Nergalle, 5 spectral orc warriors, 2 spectral orc warlords and a
bullfrog.

Vanquished Creatures
  The ghost of Firecrotchwizard the Thaumaturge, a novice DEFE of Vehumet (D:8)
  A komodo dragon (D:8)
  Grinder (D:5)
  A yak (D:8)
  Sigmund (D:2)
  3 steam dragons
  Duvessa (D:6)
  3 water moccasins
  2 ice beasts (D:7)
  3 sky beasts
  2 black bears (D:8)
  3 ogres
  A phantom (D:2)
  A kobold brigand (D:7)
  8 bullfrogs
  3 scorpions
  4 wights
  Dowan (D:6)
  A howler monkey (D:4)
  4 orc priests
  A gnoll bouda (D:3)
  3 iguanas
  Natasha (D:4)
  4 orc wizards
  A sleepcap (D:6)
  Robin (D:2)
  5 gnolls (D:3)
  3 adders
  2 shadow imps
  2 white imps (D:7)
  2 ufetubi (D:6)
  2 worms
  A dart slug (D:2)
  18 orcs
  9 ball pythons
  2 endoplasms
  5 giant cockroaches
  9 goblins
  7 hobgoblins
  4 jackals (D:2)
  9 kobolds
  3 quokkas
  8 bats
  6 frilled lizards
  9 rats
162 creatures vanquished.

Vanquished Creatures (collateral kills)
  An orc warrior (D:7)
  4 wights (D:7)
  A howler monkey (D:5)
  An orc wizard (D:8)
  5 orcs
12 creatures vanquished.

Vanquished Creatures (others)
  4 dancing weapons
4 creatures vanquished.

Grand Total: 178 creatures vanquished

Notes
Turn   | Place    | Note
-------+----------+-------------------------------------------
     0 | D:1      | Hooloovoo the Vampire Enchanter began the quest for the
                  | Orb.
     0 | D:1      | Reached XP level 1. HP: 13/13 MP: 3/3
   373 | D:1      | Reached XP level 2. HP: 19/19 MP: 5/5
   567 | D:1      | Reached skill level 5 in Hexes
   604 | D:2      | Noticed Sigmund
   758 | D:2      | Noticed a phantom
   776 | D:2      | Killed a phantom
   777 | D:2      | Reached skill level 1 in Staves
   777 | D:2      | Reached skill level 5 in Stealth
   777 | D:2      | Gained mutation: You are afflicted with vampirism and can
                  | become a bat while bloodless. [Vampire growth]
   777 | D:2      | Reached XP level 3. HP: 14/24 MP: 6/6
   777 | D:2      | Reached XP level 4. HP: 18/30 MP: 7/7
   946 | D:2      | Killed Sigmund
   947 | D:2      | Reached skill level 1 in Fighting
   947 | D:2      | Reached skill level 1 in Armour
   947 | D:2      | Reached XP level 5. HP: 16/37 MP: 8/8
  1357 | D:2      | Noticed Robin
  1363 | D:2      | Reached XP level 6. HP: 31/43 MP: 9/9
  1376 | D:2      | Killed Robin
  1751 | D:3      | Found a faded altar of an unknown god.
  1765 | D:3      | Prayed at the altar of an unknown god.
  1765 | D:3      | Became a worshipper of Ashenzari the Shackled
  2264 | D:3      | Learned a level 3 spell: Tukima's Dance
  2344 | D:3      | Found a radiant altar of Vehumet.
  2909 | D:4      | Noticed Natasha
  2916 | D:4      | Killed Natasha
  3129 | D:4      | Reached XP level 7. HP: 39/43 MP: 10/10
  3618 | D:5      | Entered Level 5 of the Dungeon
  3749 | D:5      | Noticed Grinder
  3752 | D:5      | Paralysed by Grinder for 3 turns
  3768 | D:5      | Killed Grinder
  3769 | D:5      | Reached skill level 6 in Hexes
  3834 | D:5      | Reached XP level 8. HP: 53/57 MP: 4/13
  3885 | D:5      | Reached skill level 5 in Staves
  3885 | D:5      | Reached skill level 1 in Throwing
  4149 | D:5      | Found Vodogoy's Fire Supplies.
  4373 | D:6      | Noticed Duvessa
  4373 | D:6      | Noticed Dowan
  4384 | D:6      | Killed Dowan
  4393 | D:6      | Killed Duvessa
  4436 | D:6      | Reached skill level 7 in Hexes
  4941 | D:6      | Found a broken altar of Ashenzari.
  4941 | D:6      | Found a bloodstained altar of Trog.
  4941 | D:6      | Found a sparkling altar of Nemelex Xobeh.
  4947 | D:6      | Found an opulent altar of Gozag.
  4952 | D:6      | Found a shimmering blue altar of Sif Muna.
  4954 | D:6      | Found a sacrificial altar of Ru.
  4956 | D:6      | Found an iron altar of Okawaru.
  4958 | D:6      | Found a stormy altar of Qazlal.
  4961 | D:6      | Found an ornate altar of the Wu Jian Council.
  4964 | D:6      | Found a shadowy altar of Dithmenos.
  4965 | D:6      | Found a basalt altar of Yredelemnul.
  5546 | D:7      | Found a staircase to the Ecumenical Temple.
  5690 | D:7      | Reached XP level 9. HP: 51/64 MP: 11/15
  5757 | D:7      | Reached * piety under Ashenzari
  6060 | D:7      | Reached skill level 8 in Hexes
  6198 | D:7      | Reached skill level 5 in Dodging
  6600 | Temple   | Entered the Ecumenical Temple
  6661 | D:8      | Found a runed translucent door.
  6661 | D:8      | Noticed Firecrotchwizard's ghost (novice DEFE)
  6714 | D:8      | Killed Firecrotchwizard's ghost
  6715 | D:8      | Reached skill level 5 in Spellcasting
  6775 | D:8      | Reached XP level 10. HP: 47/73 MP: 18/18
  7025 | D:8      | Reached skill level 9 in Hexes
  7105 | D:8      | Found a staircase to the Lair.
  7201 | D:7      | HP: 2/73 [yak (3)]
  7445 | D:11     | Identified the "Mocruir"
  7445 | Gauntlet | Identified the of Yqolohuo
  7445 | Lair:1   | Entered Level 1 of the Lair of Beasts
  7462 | Lair:1   | Noticed Nergalle
  7481 | Lair:1   | Noticed a spectral orc warlord
  7481 | Lair:1   | Noticed a spectral orc warlord
  7483 | Lair:1   | Slain by a spectral orc warlord

Illustrated notes

Levels and vault maps discovered:
D:1:      mainiacjoe_arrival_reflecting_pool, layout_rooms,
          kennysheep_minor_cross, kennysheep_crisscross, columned_hall_lemuel
D:2:      layout_basic, minmay_misc_feat_more_columns, corexii_leaking_fountain,
          uniq_robin, uniq_sigmund
D:3:      layout_loops_cross, nicolae_vehumet_altar_sigil,
          shapermc_ecumenical_altar_gd, minivault_25
D:4:      layout_loops_corners, uniq_natasha
D:5:      layout_basic, nicolae_shop_fire_sale [nicolae_sub_dead_trees],
          lightli_corner_chamber, uniq_grinder
D:6:      layout_basic, nicolae_overflow_hallway_of_the_gods, uniq_duvessa
D:7:      layout_loops_cross, minmay_temple_entry_drinking_statues,
          minmay_circle_x
D:8:      layout_basic, due_lair_maze_entry_diamond,
          ebering_ghost_reflecting_pool, minmay_misc_feat_secret_circle,
          uniq_jeremiah
Temple:   eino_wide_crystal_templ
Lair:1:   layout_concentric_octagons, pond, grunt_megastairs_1, uniq_nergalle

Skill      XL: |  1  2  3  4  5  6  7  8  9 10 |
---------------+-------------------------------+-----
Hexes          | 5 6 7 8 9 |  9.0
Staves         | 1 2 3 4 6 7 8 |  8.2
Stealth        | 5 6 |  6.5
Fighting       | 1 2 3 4 |  4.5
Armour         | 1 |  1.6
Dodging        | 3 5 |  5.7
Spellcasting   | 3 4 5 |  5.2
Throwing       | 1 |  1.4
Short Blades   | 2 |  2.8

Action                     |  1- 3 |  4- 6 |  7- 9 | 10-12 || total
---------------------------+-------+-------+-------+-------++-------
  Melee: Dagger            |    35 |       |    89 |    85 ||   209
         Bite              |     6 |    29 |    49 |    19 ||   103
         Lajatang          |    30 |   228 |   284 |    34 ||   576
         Punch             |       |       |     3 |       ||     3
  Throw: Boomerang         |       |       |    20 |       ||    20
   Cast: Tukima's Dance    |       |    10 |    41 |       ||    51
 Invoke: Curse Item        |       |       |     2 |       ||     2
         Shatter the Chain |       |       |       |     1 ||     1
Ability: Exsanguinate      |       |     1 |       |       ||     1
         Revivify          |       |     1 |       |       ||     1
    Use: Scroll            |       |       |     1 |     1 ||     2
         Potion            |       |       |     1 |     1 ||     2
   Stab: Sleeping          |     2 |    11 |     5 |     3 ||    21
         Distracted        |       |       |       |     1 ||     1
 Armour: Scale mail        |    29 |    30 |       |       ||    59
         Robe              |     9 |    66 |   183 |     1 ||   259
         Steam dragon scal |       |       |       |    88 ||    88
         Skin              |       |       |       |     2 ||     2
  Dodge: Dodged            |    18 |   128 |   169 |    95 ||   410

Table legend: (Time is in decaauts)
 A = Elapsed time spent in this place.
 B = Non-inter-level travel time spent in this place.
 C = Inter-level travel time spent in this place.
 D = Time resting spent in this place.
 E = Time spent auto-exploring this place.
 F = Levels seen in this place.
 G = Mean time per level.
                   A        B        C        D        E       F      G
               +--------+--------+--------+--------+--------+-----+--------+
         Total |   7333 |   2038 |   5295 |      0 |      0 |  10 |  733.3 |
       Dungeon |   7262 |   2009 |   5253 |      0 |      0 |   8 |  907.8 |
        Temple |     35 |      3 |     32 |      0 |      0 |   1 |   35.0 |
          Lair |     35 |     25 |     10 |      0 |      0 |   1 |   35.0 |
               +--------+--------+--------+--------+--------+-----+--------+

Top non-repeatable levels by time:
     D:7: 1172 daAuts
     D:6: 1155 daAuts
     D:4: 1114 daAuts
     D:2: 980 daAuts
     D:3: 811 daAuts
     D:5: 737 daAuts
     D:1: 715 daAuts
     D:8: 574 daAuts
  Temple: 35 daAuts
  Lair:1: 35 daAuts
